 Dungeon Crawl Stone Soup version 0.24.0-123-gd5b16e6ec5 (webtiles) character file.

Game seed: 5312935102413748990, levelgen mode: deterministic

145 Elellon the Chopper (level 5, 0/46 HPs)
             Began as a Hill Orc Fighter on Jan 10, 2020.
             Killed by divine providence
             ... invoked by an orc priest
              (11 damage)
             ... on level 3 of the Dungeon.
             The game lasted 00:03:24 (1876 turns).

Elellon the Chopper (Hill Orc Fighter)              Turns: 1876, Time: 00:03:25

Health: 0/46       AC:  8    Str: 20    XL:     5   Next: 27%
Magic:  5/5        EV:  7    Int:  8    God:
Gold:   83         SH:  9    Dex: 10    Spells: 4/4 levels left

rFire    . . .     SeeInvis .   a - +0 war axe
rCold    . . .     Gourm    .   c - +0 shield
rNeg     . . .     Faith    .   b - +0 scale mail
rPois    .         Spirit   .   r - +0 helmet
rElec    .         Reflect  .   (no cloak)
rCorr    .         Harm     .   (no gloves)
MR       .....                  (no boots)
Stlth    ..........             (no amulet)
HPRegen  0.15/turn              (no ring)
MPRegen  0.09/turn              (no ring)

@: no status effects
A: no striking features
a: Convert to Beogh


You were on level 3 of the Dungeon.
You were hungry.

You visited 1 branch of the dungeon, and saw 3 of its levels.

You collected 83 gold pieces.

Inventory:

Hand Weapons
 a - a +0 war axe (weapon)
 g - a +0 hunting sling of velocity
Missiles
 q - 59 stones (quivered)
Armour
 b - a +0 scale mail (worn)
 c - a +0 shield (worn)
 r - a +0 helmet (worn)
Scrolls
 h - 2 scrolls of identify {unknown}
 i - a scroll of random uselessness {unknown}
 j - a scroll of enchant weapon {unknown}
 l - 2 scrolls of amnesia {unknown}
 m - 2 scrolls of remove curse {unknown}
 o - a scroll of teleportation {unknown}
 p - a scroll of fog {unknown}
Potions
 d - a potion of might
 e - 3 potions of agility {unknown}
 k - 2 potions of brilliance {unknown}
 n - a potion of degeneration {unknown}
Comestibles
 f - 5 rations
 s - 7 chunks of flesh


   Skills:
 + Level 3.7 Fighting
 * Level 6.8 Axes
 + Level 3.4 Armour
 + Level 3.4 Shields


You had 4 spell levels left.
You didn't know any spells.
Your spell library was empty.

Dungeon Overview and Level Annotations

Branches:
Dungeon (3/15)

Altars:
Elyvilon
Trog
Yredelemnul


Message History

You kill the jackal!
You block the jackal's attack.
The jackal bites you but does no damage.
The orc priest invokes the aid of Beogh against you.
Beogh smites you!
You slash the jackal!
You kill the jackal!
Your shield and scale mail prevent you from hitting the orc.
The orc priest threatens, "By the altar or by the axe, you will meet Beogh!"
The orc barely misses you.
You barely miss the orc priest. You barely miss the orc.
The orc priest calls down the wrath of Beogh upon you.
Pain shoots through your body! The orc hits you with a +0 mace.
* * * LOW HITPOINT WARNING * * *
You closely miss the orc priest. You closely miss the orc.
You are feeling hungry.
The orc priest shouts, "Join the one true god or die!"
The orc priest mumbles some strange prayers to Beogh against you.
Beogh smites you!
You die...

#..# .o. #..# #$# #..#
#.# #######..# #.# #
...รท.....### ##.#.#
...........# ###....#
#######.#..#####ho....#
# #.###.....oo#o..## #
##.#.######@##.## #
##.##......##.# #
#.##.####.##.# # #.#
#.##.. ### #.# #.# ##
..# #.# ..# #.# #.# ###
#.# #.# #.# #.#


You could see an orc priest, an orc wizard, an orc and a jackal.

Vanquished Creatures
  An iguana (D:2)
  Robin (D:3)
  3 gnolls
  A worm (D:2)
  A dart slug (D:1)
  4 leopard geckos
  An orc (D:3)
  A ball python (D:1)
  6 bats
  2 giant cockroaches
  18 goblins
  9 hobgoblins
  3 jackals (D:3)
  A frilled lizard (D:3)
  4 kobolds (D:1)
  9 rats
65 creatures vanquished.

Vanquished Creatures (others)
  A rat (D:2)
1 creature vanquished.

Grand Total: 66 creatures vanquished

Notes
Turn   | Place    | Note
-------+----------+-------------------------------------------
     0 | D:1      | Elellon the Hill Orc Fighter began the quest for the Orb.
     0 | D:1      | Reached XP level 1. HP: 19/19 MP: 1/1
    21 | D:1      | Reached skill level 3 in Axes
    62 | D:1      | Reached XP level 2. HP: 24/26 MP: 2/2
   245 | D:1      | Reached skill level 4 in Axes
   372 | D:1      | Reached XP level 3. HP: 28/31 MP: 3/3
   478 | D:2      | Reached skill level 5 in Axes
   691 | D:1      | Reached XP level 4. HP: 8/39 MP: 4/4
   945 | D:2      | Reached skill level 6 in Axes
  1369 | D:2      | Found a white marble altar of Elyvilon.
  1380 | D:2      | Found a basalt altar of Yredelemnul.
  1382 | D:2      | Found a bloodstained altar of Trog.
  1661 | D:3      | Noticed Robin
  1674 | D:2      | Reached XP level 5. HP: 36/45 MP: 5/5
  1760 | D:3      | Killed Robin
  1876 | D:3      | Killed from afar by an orc priest

Levels and vault maps discovered:
D:1:      lightli_arrival_lavapool, layout_rooms, minmay_box_of_dots
D:2:      layout_loops_ring, nicolae_overflow_hidden_temple, first_ration,
          elyvilon_altar_4
D:3:      layout_loops_ring, nrook_uturn, st_stairs_5, uniq_robin

Skill      XL: |  1  2  3  4 |
---------------+-------------+-----
Axes           | 3 4 5 6 |  6.8
Fighting       | |  3.7
Armour         | |  3.4
Shields        | |  3.4

Action                   |  1- 3 |  4- 6 || total
-------------------------+-------+-------++-------
Melee: War axe           |   103 |    88 ||   191
  Eat: Chunk             |       |     3 ||     3
Armor: Scale mail        |    46 |    23 ||    69
Dodge: Dodged            |    42 |    24 ||    66
Block: Shield            |    58 |    58 ||   116
